 Dungeon Crawl Stone Soup version 0.29-a0-789-g7a8fcbc185 (webtiles) character file.

Game seed: 5027790041119743467

6542 bande the Cleaver (level 11, -4/67 HPs)
             Began as a Gargoyle Fighter on July 3, 2022.
             Was a High Priest of Okawaru.
             Slain by Grum
             ... wielding a -2 spear
              (9 damage)
             ... on level 9 of the Dungeon.
             The game lasted 00:22:15 (15923 turns).

bande the Cleaver (Gargoyle Fighter)               Turns: 15923, Time: 00:22:15

Health: -4/67      AC: 23    Str: 19    XL:     11   Next: 1%
Magic:  16/16      EV:  6    Int: 10    God:    Okawaru [*****.]
Gold:   718        SH:  9    Dex: 13    Spells: 10/10 levels left

rFire   + . .      SeeInvis .   A - +3 war axe (freeze)
rCold   . . .      Faith    +   z - +0 kite shield {reflect}
rNeg    + . .      Spirit   .   x - +2 chain mail {rF+}
rPois   ∞          Reflect  +   l - +1 hat
rElec   +          Harm     .   (no cloak)
rCorr   .          Rampage  .   (no gloves)
Will    .....                   u - +0 pair of boots
Stlth   ..........              t - amulet of faith
HPRegen 0.21/turn               (no ring)
MPRegen 0.15/turn               (no ring)

@: no status effects
A: sickness immunity, AC +8, negative energy resistance 1, electricity
resistance, torment resistance 1, petrification resistance
a: Renounce Religion, Heroism, Finesse, Duel


You were on level 9 of the Dungeon.
You worshipped Okawaru.
Okawaru was extremely pleased with you.
You visited 2 branches of the dungeon, and saw 10 of its levels.
You also visited: Ossuary.

You collected 861 gold pieces.
You spent 143 gold pieces at shops.

Inventory:

Hand Weapons
 a - a +1 war axe of flaming
 c - a +0 broad axe
 A - a +3 war axe of freezing (weapon)
Armour
 l - a +1 hat (worn)
 u - a +0 pair of boots (worn)
 x - a +2 chain mail of fire resistance (worn)
 z - a +0 kite shield of reflection (worn)
Jewellery
 b - a ring of fire
 t - an amulet of faith (around neck)
 w - a ring of ice
Wands
 g - a wand of polymorph (1)
 n - a wand of acid (17)
 y - a wand of iceblast (9)
Scrolls
 o - a scroll of amnesia
 r - 5 scrolls of teleportation
Potions
 d - a potion of might
 f - 3 potions of mutation
 h - 3 potions of brilliance
 i - 5 potions of haste
 j - 6 potions of curing
 k - 5 potions of flight
 m - a potion of resistance {unknown}
 p - a potion of degeneration {unknown}
 q - 3 potions of ambrosia
 s - a potion of lignification {unknown}
 v - a potion of invisibility {unknown}


   Skills:
 + Level 7.4 Fighting
 + Level 9.2 Axes
 + Level 8.5 Armour
 + Level 6.0 Shields
 * Level 6.8 Invocations
 * Level 4.2 Evocations


You had 10 spell levels left.
You didn't know any spells.
Your spell library contained the following spells:

 Spells                   Type           Power      Damage    Failure   Level
 Freeze                   Ice            0%         1d3       100%        1
 Magic Dart               Conj           0%         1d3       100%        1
 Sandblast                Erth           0%         2d4       100%        1
 Passwall                 Tmut/Erth      0%         N/A       100%        2
 Frozen Ramparts          Ice            0%         1d2       100%        3
 Mephitic Cloud           Conj/Pois/Air  0%         N/A       100%        3
 Stone Arrow              Conj/Erth      0%         3d7       100%        3
 Hailstorm                Conj/Ice       0%         3d3       100%        4
 Blade Hands              Tmut           0%         N/A       100%        5
 Borgnjor's Vile Clutch   Necr/Erth      0%         N/A       100%        5
 Iron Shot                Conj/Erth      0%         9d1       100%        6
 Call Imp                 Summ           Unusable   N/A       N/A         2
 Animate Armour           Summ/Erth      Unusable   N/A       N/A         4
 Animate Dead             Necr           Unusable   N/A       N/A         4
 Death Channel            Necr           Unusable   N/A       N/A         6

Dungeon Overview and Level Annotations

Branches:
Dungeon (9/15)             Temple (1/1) D:4         Ossuary (visited)
   Lair: D:8-11         Orc: D:9-12

Altars:
Ashenzari
Cheibriados
Elyvilon
Fedhas
Hepliaklqana
Makhleb
Nemelex Xobeh
Okawaru
Qazlal
Ru
Trog
Uskayaw
Vehumet
Wu Jian
Xom
Zin
The Shining One

Shops:
D:4 !   D:8 [

Annotations:
D:5 2 transporters, exclusion: statue
D:9 Grum


Innate Abilities, Weirdness & Mutations

You are immune to sickness and miasma.
Your stone body is resilient. (AC +8)
You are immune to poison.
You resist negative energy. (rN+)
You are resistant to electric shocks. (rElec)
You are resistant to unholy torment.
You are immune to petrification.


Message History

You freeze the orc.
You kill the orc!
Okawaru accepts your kill.
You hit the orc. You freeze the orc.
You kill the orc!
Okawaru accepts your kill. The orc warrior completely misses you.
Grum hits you but does no damage. 2 orcs come into view.
The orc shouts!
You hear two shouts!
You block the orc's attack. You block the orc warrior's attack. x2
Grum hits you but does no damage.
Things that are here:
a +0 club; a +0 dagger; an orc corpse Unknown command.
You slash the orc warrior! You freeze the orc warrior.
The orc warrior is heavily wounded.
You hit Grum. You freeze Grum. You slash the orc warrior!
You freeze the orc warrior.
You kill the orc warrior!
Okawaru accepts your kill. The orc hits you but does no damage.
The orc warrior hits you with a +0 battleaxe.
Grum hits you but does no damage.
You slash the orc warrior! You freeze the orc warrior.
You kill the orc warrior!
Okawaru accepts your kill.
You hit Grum. You freeze Grum. You block the orc's attack.
Grum hits you with a -2 spear!
* * * LOW HITPOINT WARNING * * *
The wolf bites you.
* * * LOW HITPOINT WARNING * * *
Your Shields skill increases to level 6!
You have reached level 11!
You hit the wolf. You freeze the wolf.
The wolf is moderately wounded.
You hit Grum. You freeze Grum. You block the wolf's attack.
The orc hits you from afar with a +0 trident.
* * * LOW HITPOINT WARNING * * *
Grum hits you with a -2 spear!
You die...

#.... #... #...
####o.. #.>..o#
###...oo#
......gh#
......)@# ..
......).######..
......).........
....###.........
...
#...............
y. ..
#...............
.# .
#...............
.#
#..#####........
.#
#..'...#........


You could see Grum, a wolf, an orc priest and 3 orcs.

Vanquished Creatures
  A centaur warrior (D:8)
  Amaemon (D:9)
  An orange demon (D:9)
  Maggie (D:9)
  Psyche (D:8)
  A komodo dragon (D:7)
  The ghost of sammy202020 the Trooper, an amateur MiFi (D:2)
  A wyvern (D:8)
  2 steam dragons
  A sky beast (D:8)
  2 black bears
  4 orc warriors
  A centaur (D:8)
  A wolf (D:9)
  Blork the orc (D:4)
  6 necrophages
  2 bullfrogs (D:8)
  3 kobold brigands
  A scorpion (D:5)
  3 wights (D:9)
  12 killer bees
  2 hounds
  3 orc priests
  3 boudas
  7 jellies
  4 iguanas
  4 orc wizards
  A scorpion simulacrum (D:3)
  9 mummies
  14 gnolls
  9 adders
  A hound simulacrum (D:3)
  2 white imps
  An ufetubus (D:5)
  3 dart slugs
  2 adder simulacra (D:3)
  26 orcs
  9 endoplasms
  2 giant cockroaches
  6 goblins
  7 hobgoblins
  8 jackals
  21 kobolds
  3 quokkas
  8 ball pythons
  10 bats
  2 frilled lizards
  A gnoll zombie (Ossuary)
  A hobgoblin zombie (Ossuary)
  3 kobold zombies (Ossuary)
  3 orc zombies (Ossuary)
  5 rats
227 creatures vanquished.

Vanquished Creatures (others)
  Maurice (D:8)
1 creature vanquished.

Grand Total: 228 creatures vanquished

Notes
Turn   | Place    | Note
-------+----------+-------------------------------------------
     0 | D:1      | bande the Gargoyle Fighter began the quest for the Orb.
     0 | D:1      | Reached XP level 1. HP: 14/14 MP: 1/1
   112 | D:1      | Reached XP level 2. HP: 15/19 MP: 2/2
   237 | D:1      | Reached skill level 2 in Axes
   875 | D:1      | Reached XP level 3. HP: 14/24 MP: 3/3
  1397 | D:2      | Found a faded altar of an unknown god.
  2129 | D:2      | Reached XP level 4. HP: 28/29 MP: 4/4
  2348 | D:3      | Reached skill level 3 in Axes
  2915 | D:3      | Reached XP level 5. HP: 33/33 MP: 5/5
  2941 | D:3      | Found a runed translucent gate.
  2941 | D:3      | Found a runed translucent gate.
  2941 | D:3      | Found a runed translucent gate.
  2943 | D:3      | Found a glowing golden altar of the Shining One.
  3298 | D:3      | Found a bloodstained altar of Trog.
  3475 | D:3      | Noticed sammy202020's ghost (amateur MiFi)
  3814 | D:2      | Killed sammy202020's ghost
  3815 | D:2      | Reached skill level 4 in Axes
  3815 | D:2      | Reached XP level 6. HP: 7/39 MP: 6/6
  4656 | D:4      | Found Tieripis's Distillery.
  4659 | D:4      | Bought a potion of heal wounds for 55 gold pieces
  4659 | D:4      | Bought a potion of mutation for 88 gold pieces
  4669 | D:4      | Found a staircase to the Ecumenical Temple.
  4676 | Temple   | Entered the Ecumenical Temple
  4722 | Temple   | Became a worshipper of Warmaster Okawaru
  4870 | D:4      | Reached skill level 5 in Armour
  5259 | D:4      | Reached skill level 1 in Invocations
  5341 | D:4      | Reached XP level 7. HP: 39/44 MP: 7/7
  5402 | D:4      | Noticed Blork the orc
  5411 | D:4      | Killed Blork the orc
  5411 | D:4      | Reached * piety under Okawaru
  6043 | D:4      | Found a hazy altar of Hepliaklqana.
  6544 | D:5      | Entered Level 5 of the Dungeon
  6648 | D:5      | Reached skill level 5 in Axes
  6657 | D:5      | Found a sand-covered staircase.
  6666 | Ossuary  | Entered an ossuary
  7115 | Ossuary  | Reached skill level 5 in Fighting
  7479 | D:5      | Found a transporter.
  7903 | D:5      | Reached XP level 8. HP: 49/49 MP: 8/10
  7920 | D:5      | Found a transporter.
  8396 | D:5      | Reached ** piety under Okawaru
  8560 | D:5      | Found a radiant altar of Vehumet.
  8749 | D:5      | Found a broken altar of Ashenzari.
  8914 | D:6      | Reached skill level 6 in Axes
  9063 | D:6      | Found an ornate altar of the Wu Jian Council.
  9657 | D:7      | Found a sparkling altar of Nemelex Xobeh.
  9841 | D:7      | Reached XP level 9. HP: 19/55 MP: 12/12
 10545 | D:7      | Found a white marble altar of Elyvilon.
 10596 | D:7      | Reached *** piety under Okawaru
 10835 | D:7      | Reached skill level 7 in Axes
 10835 | D:7      | Reached skill level 1 in Evocations
 11446 | D:7      | Noticed a komodo dragon
 11458 | D:7      | Killed a komodo dragon
 11459 | D:7      | Reached skill level 5 in Shields
 11459 | D:7      | Reached skill level 5 in Invocations
 11804 | D:8      | Noticed a centaur warrior
 12068 | D:8      | Killed a centaur warrior
 12068 | D:8      | Reached **** piety under Okawaru
 12069 | D:8      | Reached skill level 8 in Axes
 12336 | D:8      | Found Boaphoem's Specialty Armours.
 12348 | D:8      | Noticed Psyche
 12440 | D:8      | Killed Psyche
 12440 | D:8      | Received a gift from Okawaru
 12440 | D:8      | Reached ***** piety under Okawaru
 12441 | D:8      | Reached XP level 10. HP: 31/61 MP: 14/14
 12766 | D:8      | Noticed a blizzard demon
 12767 | D:8      | Found a burning altar of Makhleb.
 12905 | D:8      | Found a glowing silver altar of Zin.
 12905 | D:8      | Noticed an angel
 13591 | D:8      | Found a shimmering altar of Xom.
 13727 | D:8      | Found a blossoming altar of Fedhas.
 13770 | D:8      | Noticed Maurice
 13782 | D:8      | Killed Maurice
 14902 | D:9      | Noticed Amaemon
 14925 | D:9      | Killed Amaemon
 14925 | D:9      | Received a gift from Okawaru
 15237 | D:9      | Noticed an orange demon
 15260 | D:9      | Killed an orange demon
 15261 | D:9      | Reached skill level 9 in Axes
 15460 | D:9      | Noticed Maggie
 15489 | D:9      | Killed Maggie
 15912 | D:9      | Noticed Grum
 15923 | D:9      | Reached XP level 11. HP: 11/67 MP: 16/16
 15923 | D:9      | Slain by Grum

Illustrated notes

Levels and vault maps discovered:
D:1:      dpeg_arrival_radiant, layout_basic
D:2:      layout_loops_corners, nicolae_ecumenical_oubliette
D:3:      layout_basic, trog_three_pillars_becter,
          mainiacjoe_overflow_cross_hatched, gammafunk_ghost_icy,
          serial_bayou_pond_a
D:4:      layout_layer_cave, mainiacjoe_overflow_alcove_2, temple_green,
          serial_shops, nicolae_stop_n_shop_1, uniq_blork_the_orc
D:5:      gammafunk_steamed_eel, layout_loops_ring,
          nicolae_overflow_hidden_temple, vehumet_statue,
          gup_ossuary_entry_pyramid, minmay_misc_feat_pillars,
          minmay_parallelograms
D:6:      layout_basic, nicolae_wu_jian_immortal_techniques,
          chequers_decorated_corner
D:7:      layout_basic, elyvilon_altar_1, mainiacjoe_overflow_chevrons,
          dreamdust_princess_bridge, minmay_small_thing
D:8:      layout_basic, grunt_temple_overflow_order_and_chaos_2,
          mainiacjoe_overflow_six_doors_small, tgw_xom, chequers_arboretum,
          nicolae_barding_shop, uniq_maurice, uniq_psyche
D:9:      layout_irregular_city, lemuel_tele_altar, orc_0_dummy, uniq_maggie,
          uniq_amaemon, uniq_grum
Temple:   hellmonk_temple_beads

Skill      XL: |  1  2  3  4  5  6  7  8  9 10 |
---------------+-------------------------------+-----
Axes           | 2 3 4 5 6 8 9 |  9.2
Armour         | 4 5 6 7 8 |  8.5
Fighting       | 4 5 6 7 |  7.4
Invocations    | 1 2 4 5 6 |  6.8
Shields        | 4 5 6 |  6.0
Evocations     | 2 4 |  4.2

Action                   |  1- 3 |  4- 6 |  7- 9 | 10-12 || total
-------------------------+-------+-------+-------+-------++-------
Melee: War axe           |    99 |   131 |   375 |   157 ||   762
  Use: Scroll            |     2 |       |    14 |     1 ||    17
       Potion            |       |     3 |     3 |     1 ||     7
Armor: Scale mail        |    62 |    19 |       |       ||    81
       Chain mail        |       |    61 |   113 |   166 ||   340
       Plate armour      |       |       |   203 |    16 ||   219
Dodge: Dodged            |    53 |    66 |   146 |    76 ||   341
Block: Buckler           |    16 |    38 |    93 |    49 ||   196
       Kite shield       |       |       |       |    35 ||    35
       Reflection        |       |       |       |     1 ||     1

Table legend: (Time is in decaauts)
 A = Elapsed time spent in this place.
 B = Non-inter-level travel time spent in this place.
 C = Inter-level travel time spent in this place.
 D = Time resting spent in this place.
 E = Time spent auto-exploring this place.
 F = Levels seen in this place.
 G = Mean time per level.
                   A        B        C        D        E       F      G
               +--------+--------+--------+--------+--------+-----+--------+
         Total |  16138 |  16030 |    108 |   6370 |   7029 |  11 | 1467.1 |
       Dungeon |  15347 |  15239 |    108 |   6079 |   6735 |   9 | 1705.2 |
        Temple |     91 |     91 |      0 |      0 |     38 |   1 |   91.0 |
       Ossuary |    699 |    699 |      0 |    291 |    256 |   1 |  699.0 |
               +--------+--------+--------+--------+--------+-----+--------+

Top non-repeatable levels by time:
     D:7: 2722 daAuts
     D:8: 2493 daAuts
     D:2: 2004 daAuts
     D:4: 1817 daAuts
     D:5: 1593 daAuts
     D:1: 1486 daAuts
     D:3: 1252 daAuts
     D:9: 1112 daAuts
     D:6: 865 daAuts
 Ossuary: 699 daAuts
  Temple: 91 daAuts
